 Dungeon Crawl Stone Soup version 0.29-a0-824-gd827844252 (webtiles) character file.

Game seed: 719137104679158136

310 flotson the Sneak (level 6, -4/48 HPs)
             Began as a Demonspawn Delver on July 9, 2022.
             Slain by Duvessa
             ... wielding a +0 rapier
              (13 damage)
             ... on level 4 of the Dungeon.
             The game lasted 00:05:32 (3550 turns).

flotson the Sneak (Demonspawn Delver)               Turns: 3550, Time: 00:05:34

Health: -4/48      AC:  5    Str: 14    XL:     6   Next: 18%
Magic:  6/6        EV: 12    Int: 11    God:
Gold:   173        SH:  0    Dex: 15    Spells: 5/5 levels left

rFire   + . .      SeeInvis .   a - +1 hand axe (venom)
rCold   . . .      Faith    .   (no shield)
rNeg    . . .      Spirit   .   j - +1 leather armour {rF+}
rPois   .          Reflect  .   (no helmet)
rElec   .          Harm     .   (no cloak)
rCorr   .          Rampage  .   (no gloves)
Will    .....                   (no boots)
Stlth   +++.......              (no amulet)
HPRegen 0.16/turn               (no ring)
MPRegen 0.10/turn               (no ring)

@: no status effects
A: sharp scales 1, condensation shield, weakness stinger 2
a: no special abilities


You were on level 4 of the Dungeon.
You visited 1 branch of the dungeon, and saw 5 of its levels.

You collected 173 gold pieces.

Inventory:

Hand Weapons
 a - a +1 hand axe of venom (weapon)
Missiles
 q - 3 boomerangs (quivered)
Armour
 j - a +1 leather armour of fire resistance (worn)
Wands
 g - a wand of digging (2)
Scrolls
 b - 2 scrolls of amnesia {unknown}
 c - 2 scrolls of fog
 d - a scroll of brand weapon {unknown}
 e - 4 scrolls of identify {unknown}
 f - a scroll of blinking {unknown}
 k - 2 scrolls of enchant weapon {unknown}
 n - a scroll of poison {unknown}
 o - a scroll of vulnerability {unknown}
Potions
 h - a potion of heal wounds {unknown}
 i - a potion of degeneration {unknown}
 l - a potion of berserk rage {unknown}
 m - a potion of flight {unknown}
 p - 3 potions of might {unknown}
 r - a potion of magic {unknown}


   Skills:
 + Level 4.0 Fighting
 + Level 2.0(2.4) Axes
 - Level 1.7(2.2) Polearms
 + Level 1.3 Throwing
 + Level 2.1 Armour
 + Level 3.0 Dodging
 - Level 4.5 Stealth
 + Level 2.3 Evocations


You had 5 spell levels left.
You didn't know any spells.
Your spell library was empty.

Dungeon Overview and Level Annotations

Branches:
Dungeon (5/15)
 Temple: D:4-7

Altars:
Ashenzari

Shops:
D:2 [

Annotations:
D:4 Dowan, Duvessa, Pikel


Innate Abilities, Weirdness & Mutations

You are partially covered in razor-sharp scales. (AC +1, Slay +1)
A meltable shield of frost defends you. (SH +0)
You have a tail ending in a sharp stinger.


Message History

No target in view!
No target in view!
You now have 173 gold pieces (gained 6).
You open the door. 3 lemures come into view.
The lemure shouts! x3; You hear a shout!
Pikel, Merchant of Souls comes into view.
He is wielding a +1 whip of flaming and carrying a wand of paralysis (5).
You open the door.
Duvessa, Sister of Dowan comes into view.
She is wielding a +0 rapier.
Dowan, Brother of Duvessa comes into view.
He is wielding a +0 dagger.
Dowan shouts!
Duvessa shouts!
There is an open door here.
An endoplasm comes into view.
The lemure hits you.
Pikel zaps a wand.
You resist with some effort. The lemure hits you! The lemure barely misses you.
Dowan throws and catches a handful of magical flame, then smirks.
Dowan gestures at Duvessa while chanting.
Duvessa seems to speed up.
The lemure attacks as you move away! The lemure hits you.
The lemure attacks as you move away! The lemure hits you.
Dowan mumbles some strange words.
Dowan blinks!
Dowan mumbles some strange words.
Dowan blinks!
The lemure attacks as you move away! The lemure hits you.
The lemure attacks as you move away! The lemure misses you.
Duvessa hits you with a +0 rapier! Pikel attacks as you move away!
Pikel hits you but does no damage. You block Duvessa's attack.
Pikel attacks as you move away! You block Pikel's attack.
Pikel attacks as you move away!
Pikel hits you with a +1 whip of flaming!
* * * LOW HITPOINT WARNING * * *
Your condensation shield dissipates!
Pikel burns you.
* * * LOW HITPOINT WARNING * * *
Dowan gestures wildly while chanting.
Dowan blinks!
Duvessa hits you with a +0 rapier!
You die...

##....###..###### ##..#######
##....####'####.## ###..# ###
......#..........# #....# ...
......#..........+ #....#. 5.
......#..........# #....'. .
########..###...##+####...#
#..###...##...##...#######
......................#...#
#..........@e55ยง.......#...#
#...........K5.........#...#
. ...........5..J......#...#
#. .....................#...#
........e............'...#
...#.....#..#.####..###..#
############.# #..# .# ...
.....# . #.........#


You could see Pikel, Duvessa (fast), 4 lemures, Dowan and an endoplasm.

Vanquished Creatures
  A necrophage (D:3)
  An orc priest (D:4)
  An iguana (D:4)
  An orc wizard (D:5)
  4 adders
  4 gnolls (D:3)
  An ufetubus (D:4)
  2 dart slugs (D:1)
  9 orcs
  7 bats (D:1)
  5 endoplasms
  A giant cockroach (D:3)
  6 goblins
  7 hobgoblins
  5 jackals
  A quokka (D:4)
  5 ball pythons
  4 frilled lizards
  8 kobolds
  4 rats
77 creatures vanquished.

Notes
Turn   | Place    | Note
-------+----------+-------------------------------------------
     0 | D:5      | flotson the Demonspawn Delver began the quest for the Orb.
     0 | D:5      | Reached XP level 1. HP: 18/18 MP: 1/1
    43 | D:5      | Noticed an orc priest
    43 | D:5      | Noticed an orc wizard
    86 | D:5      | Killed an orc wizard
    87 | D:5      | Gained mutation: You have a small tail. [demonic ancestry]
    87 | D:5      | Reached XP level 2. HP: 5/24 MP: 2/2
   402 | D:3      | Reached skill level 1 in Evocations
   402 | D:3      | Gained mutation: A meltable shield of frost defends you.
                  | (SH +0) [demonic ancestry]
   402 | D:3      | Reached XP level 3. HP: 26/29 MP: 3/3
   663 | D:2      | Found a broken altar of Ashenzari.
   773 | D:2      | Reached skill level 1 in Armour
   830 | D:1      | Reached skill level 1 in Axes
  1493 | D:1      | Found a faded altar of an unknown god.
  1652 | D:1      | Reached XP level 4. HP: 35/35 MP: 4/4
  1958 | D:2      | Found Ezisam's Antique Armour Shop.
  2201 | D:2      | You fall into a shaft and drop 1 floor!
  2577 | D:3      | Gained mutation: You have a tail ending in a sharp stinger.
                  | [demonic ancestry]
  2577 | D:3      | Reached XP level 5. HP: 23/42 MP: 5/5
  2896 | D:3      | Reached skill level 1 in Throwing
  3107 | D:4      | Noticed a lemure
  3348 | D:4      | Gained mutation: You are partially covered in razor-sharp
                  | scales. (AC +1, Slay +1) [demonic ancestry]
  3348 | D:4      | Reached XP level 6. HP: 46/48 MP: 6/6
  3522 | D:4      | Noticed Pikel
  3537 | D:4      | Noticed Duvessa
  3538 | D:4      | Noticed Dowan
  3550 | D:4      | Slain by Duvessa

Illustrated notes

Levels and vault maps discovered:
D:1:      amcnicky_arrival_wind_blow, layout_basic,
          hellmonk_ecumenical_altar_heavens_door, grunt_decor_one_mirror,
          nrook_loot_triangle
D:2:      layout_basic, serial_shops, shop, basic_altar
D:3:      layout_basic
D:4:      layout_gridville, uniq_duvessa, uniq_pikel
D:5:      layout_basic

Skill      XL: |  1  2  3  4  5  6 |
---------------+-------------------+-----
Dodging        | 2 3 |  3.0
Evocations     | 1 2 |  2.3
Armour         | 1 2 |  2.1
Axes           | 1 2 |  2.0
Throwing       | 1 |  1.3
Fighting       | 4 |  4.0
Polearms       | |  1.7
Stealth        | |  4.5

Action                   |  1- 3 |  4- 6 || total
-------------------------+-------+-------++-------
Melee: Spear             |   128 |    59 ||   187
       Tailslap          |    10 |    16 ||    26
       Hand axe          |       |    67 ||    67
Evoke: Wand              |     1 |       ||     1
  Use: Scroll            |     2 |       ||     2
       Potion            |     1 |       ||     1
 Stab: Sleeping          |    14 |     8 ||    22
       Distracted        |       |     1 ||     1
Armor: Leather armour    |    20 |    27 ||    47
Dodge: Dodged            |    58 |    49 ||   107
Block: Other             |    14 |    19 ||    33

Table legend: (Time is in decaauts)
 A = Elapsed time spent in this place.
 B = Non-inter-level travel time spent in this place.
 C = Inter-level travel time spent in this place.
 D = Time resting spent in this place.
 E = Time spent auto-exploring this place.
 F = Levels seen in this place.
 G = Mean time per level.
                   A        B        C        D        E       F      G
               +--------+--------+--------+--------+--------+-----+--------+
         Total |   3548 |   3407 |    141 |    202 |   2526 |   5 |  709.6 |
       Dungeon |   3548 |   3407 |    141 |    202 |   2526 |   5 |  709.6 |
               +--------+--------+--------+--------+--------+-----+--------+

Top non-repeatable levels by time:
     D:3: 1029 daAuts
     D:1: 1021 daAuts
     D:2: 748 daAuts
     D:4: 656 daAuts
     D:5: 91 daAuts
